[Event "Summer Prague Open-A 2022"]
[Site "Prague"]
[Date "2022.08.08"]
[Round "5.19"]
[White "Parligras, Cosmin"]
[Black "Soural, Jan"]
[Result "1/2-1/2"]
[ECO "B23"]
[WhiteElo "2277"]
[BlackElo "2119"]
[Annotator "RC"]
[PlyCount "58"]
[EventDate "2022.08.05"]
[EventType "swiss"]
[EventCountry "CZE"]
[SourceTitle "playchess.com"]
[Source "ChessBase"]
[SourceQuality "1"]
[TimeControl "40/5400+30:1800+30"]

1. e4 c5 2. Nc3 g6 3. f4 Bg7 4. Nf3 Nc6 5. Bc4 e6 6. f5 Nge7 7. fxe6 dxe6 8. d3 Nd4 9. Nxd4 cxd4 10. Ne2 Nc6 11. O-O O-O 12. a3 Bd7 13. Bf4 e5 14. Bd2 Qe7 15. c3 Be6 16. Bxe6 Qxe6 17. cxd4 Nxd4 18. Nxd4 exd4 19. Rc1 Rac8 20. Qa4 a6 21. Qb4 Qd7 22. h3 h5 23. Bf4 Rxc1 24. Rxc1 Rc8 25. Rc5 Rxc5 26. Qxc5 Qa4 27. Qc8+ Kh7 28. Qc1 Qb3 29. Qd2 b5 1/2-1/2

[Event "Summer Prague Open-A 2022"]
[Site "Prague"]
[Date "2022.08.08"]
[Round "5.20"]
[White "Karas, Marek"]
[Black "Kristiansen, Willy M"]
[Result "1-0"]
[ECO "D35"]
[WhiteElo "2286"]
[BlackElo "2121"]
[Annotator "RC"]
[PlyCount "121"]
[EventDate "2022.08.05"]
[EventType "swiss"]
[EventCountry "CZE"]
[SourceTitle "playchess.com"]
[Source "ChessBase"]
[SourceQuality "1"]
[TimeControl "40/5400+30:1800+30"]

1. d4 d5 2. c4 e6 3. Nc3 Nf6 4. cxd5 exd5 5. Bg5 c6 6. e3 Be7 7. Bd3 Nbd7 8. Nf3 O-O 9. Qc2 Re8 10. h3 Nf8 11. O-O Be6 12. Bf4 Ng6 13. Ne5 Bd6 14. Rad1 Qc7 15. Nxg6 hxg6 16. Nb5 cxb5 17. Qxc7 Bxc7 18. Bxc7 Rec8 19. Rc1 a6 20. Rc2 Kf8 21. Rfc1 Ke7 22. g4 Ne8 23. f3 Nxc7 24. Rxc7+ Kd6 25. Rxc8 Rxc8 26. Rxc8 Bxc8 27. h4 Bd7 28. b4 Be8 29. Kf2 f6 30. Kg3 b6 31. a3 Bf7 32. Kf4 Be8 33. Bc2 a5 34. Bb3 axb4 35. axb4 Bf7 36. Bc2 Be8 37. Bb3 Bf7 38. e4 Be6 39. Ke3 Bf7 40. Kf4 Bg8 41. Bc2 Bf7 42. Bd3 Be8 43. Bf1 Ke6 44. Bh3 Kd6 45. e5+ Ke7 46. exf6+ gxf6 47. g5 Bf7 48. Bc8 Be8 49. Bb7 Bf7 50. Bc6 Kd6 51. Bxb5 Ke6 52. Bd3 Ke7 53. Kg3 Ke6 54. f4 Be8 55. Ba6 f5 56. h5 Ke7 57. h6 Kf8 58. Bb7 Bf7 59. Kf3 Bg8 60. Ke3 Ke7 61. Bxd5 1-0

[Event "Summer Prague Open-A 2022"]
[Site "Prague"]
[Date "2022.08.08"]
[Round "5.21"]
[White "Kovalskyi, Roman"]
[Black "Polster, Christian"]
[Result "1-0"]
[ECO "B90"]
[WhiteElo "2056"]
[BlackElo "2236"]
[Annotator "RC"]
[PlyCount "85"]
[EventDate "2022.08.05"]
[EventType "swiss"]
[EventCountry "CZE"]
[SourceTitle "playchess.com"]
[Source "ChessBase"]
[SourceQuality "1"]
[TimeControl "40/5400+30:1800+30"]

1. e4 c5 2. Nf3 d6 3. d4 cxd4 4. Nxd4 Nf6 5. Nc3 a6 6. Be3 e5 7. Nb3 Be6 8. f3 Be7 9. Qd2 O-O 10. O-O-O Nbd7 11. g4 b5 12. g5 b4 13. Ne2 Ne8 14. f4 a5 15. f5 a4 16. fxe6 axb3 17. exf7+ Rxf7 18. Kb1 bxc2+ 19. Kxc2 Qc8+ 20. Kb1 Qc4 21. Nc1 Qxe4+ 22. Bd3 Qc6 23. Bc2 Nc7 24. Bb3 d5 25. Bxd5 Nxd5 26. Qxd5 Qg6+ 27. Ka1 Rd8 28. h4 Nb6 29. Qb3 Rxd1 30. Rxd1 Qc6 31. Bxb6 Qxb6 32. Rf1 Qg6 33. Qd5 h6 34. Nd3 Bd6 35. h5 Qxh5 36. gxh6 e4 37. Qxf7+ Qxf7 38. Rxf7 Kxf7 39. h7 exd3 40. h8=Q d2 41. Qh5+ Kf6 42. Qf3+ Kg5 43. Qg2+ 1-0

[Event "Summer Prague Open-A 2022"]
[Site "Prague"]
[Date "2022.08.08"]
[Round "5.22"]
[White "Mannion, Stephen R"]
[Black "Groh, Jiri"]
[Result "1-0"]
[ECO "B39"]
[WhiteElo "2232"]
[BlackElo "2009"]
[Annotator "RC"]
[PlyCount "133"]
[EventDate "2022.08.05"]
[EventType "swiss"]
[EventCountry "CZE"]
[SourceTitle "playchess.com"]
[Source "ChessBase"]
[SourceQuality "1"]
[TimeControl "40/5400+30:1800+30"]

1. e4 c5 2. Nf3 Nc6 3. d4 cxd4 4. Nxd4 g6 5. c4 Bg7 6. Be3 Nf6 7. Nc3 Ng4 8. Qxg4 Nxd4 9. Qd1 e5 10. Bd3 d6 11. O-O Be6 12. Qd2 O-O 13. Rad1 Qa5 14. b3 Rac8 15. Ne2 Qxd2 16. Rxd2 f5 17. Bxd4 exd4 18. exf5 Bxf5 19. Bxf5 Rxf5 20. Nxd4 Bxd4 21. Rxd4 Rc6 22. Rfd1 Rf6 23. f3 Kf7 24. Kf2 Ke7 25. Re1+ Kd7 26. Re2 a5 27. a4 Rc5 28. Red2 Re6 29. Re2 b6 30. Rxe6 Kxe6 31. Ke3 Rc8 32. Re4+ Kd7 33. Rh4 Re8+ 34. Re4 Rf8 35. Rf4 Re8+ 36. Kd3 Re7 37. Rf8 Kc6 38. f4 Kc5 39. Rc8+ Kb4 40. Rc6 Kxb3 41. Rxb6+ Kxa4 42. Rxd6 Re1 43. Rb6 Rd1+ 44. Kc3 Ka3 45. c5 a4 46. c6 Rc1+ 47. Kd4 Ka2 48. Kd5 a3 49. Rb7 Rb1 50. c7 Rxb7 51. c8=Q Rb2 52. Qc4+ Kb1 53. Qd3+ Ka2 54. g4 Rb8 55. Qc2+ Ka1 56. Qc3+ Ka2 57. f5 gxf5 58. gxf5 Ra8 59. Qc2+ Ka1 60. f6 h5 61. f7 h4 62. Qc1+ Ka2 63. Qc5 h3 64. f8=Q Rxf8 65. Qxf8 Kb2 66. Qf2+ Kb1 67. Kc4 1-0

[Event "Summer Prague Open-A 2022"]
[Site "Prague"]
[Date "2022.08.08"]
[Round "5.23"]
[White "Philipp, Mathias"]
[Black "Kundin, Alexander"]
[Result "1-0"]
[ECO "B30"]
[WhiteElo "2092"]
[BlackElo "2305"]
[Annotator "RC"]
[PlyCount "63"]
[EventDate "2022.08.05"]
[EventType "swiss"]
[EventCountry "CZE"]
[SourceTitle "playchess.com"]
[Source "ChessBase"]
[SourceQuality "1"]
[TimeControl "40/5400+30:1800+30"]

1. e4 c5 2. Nf3 Nc6 3. Bb5 e6 4. O-O Nge7 5. Re1 Nd4 6. Nxd4 cxd4 7. c3 Nc6 8. b4 Bd6 9. Bf1 Be5 10. b5 dxc3 11. dxc3 Ne7 12. f4 Bb8 13. Be3 O-O 14. Nd2 f5 15. e5 Nd5 16. Nc4 Nxc3 17. Qb3 Nd5 18. Bc5 Nxf4 19. Bxf8 Qxf8 20. g3 Nd5 21. Bg2 Nb6 22. Rac1 d5 23. exd6 Nxc4 24. Qxc4 Bxd6 25. Red1 Rb8 26. Qd4 Ba3 27. Rc7 b6 28. Qd8 Bc5+ 29. Kf1 f4 30. Qxf8+ Bxf8 31. gxf4 e5 32. Rd8 1-0

[Event "Summer Prague Open-A 2022"]
[Site "Prague"]
[Date "2022.08.08"]
[Round "5.24"]
[White "Pap, Gyula"]
[Black "Lahlum, Hans Olav"]
[Result "1-0"]
[ECO "C00"]
[WhiteElo "2481"]
[BlackElo "2109"]
[Annotator "TA"]
[PlyCount "97"]
[EventDate "2022.08.05"]
[EventType "swiss"]
[EventCountry "CZE"]
[SourceTitle "playchess.com"]
[Source "ChessBase"]
[SourceQuality "1"]
[TimeControl "40/5400+30:1800+30"]

1. e4 e6 2. e5 c5 3. f4 Nc6 4. Nf3 a6 5. g3 d5 6. Bg2 {[%emt 0:04:18] C00: French: Unusual White 2nd moves.} Nh6 7. d3 Be7 8. O-O {[%emt 0:05:04] [#] The position is equal.} O-O $146 ({Predecessor:} 8... Bd7 9. c3 Qc7 10. Qe2 O-O-O 11. Kh1 f6 12. Re1 Rde8 13. Nbd2 fxe5 14. Nxe5 Nxe5 15. fxe5 {0-1 (30) Roignot,P (2029)-Riff,J (2481) St Chely d'Aubrac 2008}) 9. h3 f6 10. exf6 Bxf6 11. g4 Nf7 12. c4 b5 13. Nc3 b4 (13... Bb7 $11 {remains equal.}) 14. Na4 $16 Qd6 15. Be3 d4 16. Bf2 Bb7 17. Nd2 {[%emt 0:01:26] aiming for Ne4.} Na5 {[%emt 0:00:28] [#]} 18. Bxb7 $1 ({Resist} 18. Ne4 $6 Bxe4 19. Bxe4 Qxf4 $11) 18... Nxb7 19. Qf3 Qc7 20. Rae1 Rae8 21. Bg3 Qd7 22. Nb6 Qc7 23. Na4 Qd7 $1 24. b3 Nfd6 25. Qg2 Kh8 26. Nf3 Nf7 27. Re2 Bd8 (27... Be7 $16 {was worth a try.} 28. Nd2 Nfd8) 28. h4 (28. Ne5 $18 Nxe5 29. Rxe5) 28... Bc7 29. Ng5 Bd6 30. Ne4 {[%emt 0:05:14] 0x0.001681e0694fdp-1022s more active pieces.} Be7 31. Bh2 Qc6 32. Bg3 Qd7 $1 33. Nd2 {[%emt 0:01:22] And now f5 would win.} Bd6 34. Bh2 Be7 $2 {[%emt 0:01:06] [#] This costs Black the game.} (34... Qe7 $16) 35. Nb6 $1 $18 Qc7 36. Rxe6 {[%emt 0:00:07] Strongly threatening Rfe1.} Nfd8 (36... Bd6 {is a better defense.}) 37. Nd5 $1 Qd7 38. Rxa6 ({Not} 38. Rxe7 Rxe7 39. Nxe7 Qxe7 $18) 38... Bxh4 39. Ne4 Be7 40. f5 Nf7 41. f6 Bd6 42. fxg7+ Kxg7 43. Ndf6 Qe7 44. Nxe8+ Rxe8 {[%emt 0:00:05] [#]} 45. Rxf7+ $1 Qxf7 46. Bxd6 Nxd6 47. Rxd6 Qf4 48. Rd7+ Kh8 49. Qh3 {Weighted Error Value: White=0.14 (very precise) /Black=0.40} 1-0

[Event "Summer Prague Open-A 2022"]
[Site "Prague"]
[Date "2022.08.09"]
[Round "6.1"]
[White "Sarkar, Justin"]
[Black "Mirzoev, Azer"]
[Result "1/2-1/2"]
[ECO "B12"]
[WhiteElo "2346"]
[BlackElo "2424"]
[Annotator "RC"]
[PlyCount "34"]
[EventDate "2022.08.05"]
[EventType "swiss"]
[EventCountry "CZE"]
[SourceTitle "playchess.com"]
[Source "ChessBase"]
[SourceQuality "1"]
[TimeControl "40/5400+30:1800+30"]

1. e4 c6 2. d4 d5 3. e5 Bf5 4. h4 a6 5. g4 Bd7 6. c4 Qc8 7. cxd5 cxd5 8. Be2 Nc6 9. Nc3 e6 10. Be3 h5 11. gxh5 Nh6 12. Bd3 Nb4 13. Bb1 Qc7 14. Nge2 Nc6 15. Bd3 Nb4 16. Bb1 Nc6 17. Bd3 Nb4 1/2-1/2

[Event "Summer Prague Open-A 2022"]
[Site "Prague"]
[Date "2022.08.09"]
[Round "6.2"]
[White "Cernousek, Lukas"]
[Black "Brejnik, Gustav"]
[Result "1/2-1/2"]
[ECO "B13"]
[WhiteElo "2429"]
[BlackElo "2292"]
[Annotator "TA"]
[PlyCount "54"]
[EventDate "2022.08.05"]
[EventType "swiss"]
[EventCountry "CZE"]
[SourceTitle "playchess.com"]
[Source "ChessBase"]
[SourceQuality "1"]
[TimeControl "40/5400+30:1800+30"]

1. e4 c6 2. d4 d5 3. exd5 cxd5 4. Bd3 Nc6 5. c3 Qc7 6. h3 g6 7. Ne2 {[%emt 0:00:14][%cal Bg1e2,Be2g3,Bg3h5][%mdl 32] B13: Caro-Kann: Exchange Variation and Panov-Botvinnik Attack.} Bf5 8. Bxf5 gxf5 9. Bf4 {[%emt 0:00:14] White is slightly better.} Qd7 10. Nd2 e6 11. g4 Nge7 12. Ng3 Ng6 13. Bg5 Be7 14. Bxe7 Ncxe7 15. gxf5 exf5 {[%emt 0:00:24] [#]} 16. Nh5 $146 ({Predecessor:} 16. Qe2 Qe6 17. O-O-O f4 18. Qb5+ Kf8 19. Rde1 Qf6 20. Nh5 Qf5 21. Qe2 Rc8 22. Qg4 {1-0 (60) Livaic,L (2508)-Ratkovic,M (2499) Vrnjacka Banja 2021}) 16... Qe6+ 17. Kf1 (17. Qe2 $14 O-O-O 18. Qxe6+ fxe6 19. O-O-O) 17... O-O-O $11 18. Qe2 Nh4 (18... Qc6 $11) 19. Re1 (19. Qxe6+ $1 $14 fxe6 20. Re1) 19... Qh6 {[%emt 0:01:03] White must now prevent ...Rde8.} 20. Qxe7 Qxh5 21. Qe2 Qh6 {[%emt 0:01:56] [#] Hoping for ...Rhg8.} 22. Qd3 (22. Rg1 $11) 22... Rhe8 (22... Rhg8 $17 {...Qg5 is the strong threat.} 23. Nf3 Rde8) 23. Rg1 {[%emt 0:02:13][%cal Od3b5] Inhibits Qg5.} Qh5 24. Re2 f4 25. Rg4 (25. Rg7 $11) 25... f5 ({Better is} 25... Ng6 $1 $15) 26. Rg7 ({Much worse is} 26. Rxh4 Qxh4 27. Qxf5+ Kb8 $17) 26... Rg8 27. Rxb7 {[%emt 0:00:33] The board is on fire.} Kxb7 {[%emt 0:10:55] Weighted Error Value: White=0.17 (very precise) /Black=0.17 (very precise)} 1/2-1/2

[Event "Summer Prague Open-A 2022"]
[Site "Prague"]
[Date "2022.08.09"]
[Round "6.3"]
[White "Kulhanek, Tomas"]
[Black "Risting, Eivind Olav"]
[Result "1/2-1/2"]
[ECO "B51"]
[WhiteElo "2319"]
[BlackElo "2325"]
[Annotator "TA"]
[PlyCount "54"]
[EventDate "2022.08.05"]
[EventType "swiss"]
[EventCountry "CZE"]
[SourceTitle "playchess.com"]
[Source "ChessBase"]
[SourceQuality "1"]
[TimeControl "40/5400+30:1800+30"]

1. e4 c5 2. Nf3 d6 3. Bb5+ Nd7 4. a4 Ngf6 5. Nc3 g6 6. O-O {[%emt 0:01:10] B51: Sicilian: Moscow Variation (3 Bb5+) without 3...Bd7.} Bg7 7. Re1 O-O 8. d4 {[%emt 0:00:30] White is slightly better.} cxd4 9. Nxd4 a6 10. Bf1 Nc5 11. h3 {[%emt 0:01:20] [#]} Re8 $146 ({Predecessor:} 11... Bd7 12. a5 Re8 13. Bg5 h6 14. Bh4 b5 15. b4 Ne6 16. Nxe6 Bxe6 17. Nd5 g5 {0-1 (51) Motylev,A (2675)-Giri,A (2772) Tbilisi 2017}) 12. a5 b6 13. b4 Ncd7 14. Be3 Bb7 {[%emt 0:03:33] Prevents Nd5.} 15. f3 Qc7 16. Qd2 Rec8 17. Ra3 bxa5 18. bxa5 Nc5 19. Nde2 e6 20. Nf4 Rd8 {[%emt 0:00:41] The position is equal.} 21. Na4 Nfd7 22. Rb1 Bc6 23. Nb6 Rab8 24. Qe1 Nxb6 25. axb6 Rxb6 26. Rxb6 Qxb6 27. Rxa6 Qb7 {[%emt 0:00:27] Weighted Error Value: White=0.10 (very precise) /Black=0.08 (flawless)} 1/2-1/2

[Event "Summer Prague Open-A 2022"]
[Site "Prague"]
[Date "2022.08.09"]
[Round "6.4"]
[White "Schmaltz, Roland"]
[Black "Kvaloy, Aksel Bu"]
[Result "0-1"]
[ECO "B32"]
[WhiteElo "2466"]
[BlackElo "2289"]
[Annotator "TA"]
[PlyCount "53"]
[EventDate "2022.08.05"]
[EventType "swiss"]
[EventCountry "CZE"]
[SourceTitle "playchess.com"]
[Source "ChessBase"]
[SourceQuality "1"]
[TimeControl "40/5400+30:1800+30"]

1. e4 c5 2. Nf3 Nc6 3. d4 cxd4 4. Nxd4 e5 5. Nb5 a6 6. Nd6+ Bxd6 7. Qxd6 Qf6 8. Qc7 Nge7 9. Nc3 Nb4 10. Bd3 d5 11. O-O O-O 12. f4 $1 {[%emt 0:01:10] B32: Sicilian: Löwenthal and Kalashnikov Variations.} exf4 (12... Re8 $142) 13. Bxf4 $16 {[%emt 0:02:12] Black must now prevent Bd6.} dxe4 (13... Nxd3 $16 14. cxd3 Re8) 14. Bxe4 $18 {[%emt 0:09:42] White is clearly better.} Bf5 {[%emt 0:13:59] [#]} 15. Qc5 $146 (15. Bxb7 $6 Rad8 $16) (15. Qxb7 $6 Qd4+ 16. Rf2 Bxe4 17. Qxe4 Qxe4 18. Nxe4 Rac8 $16) ({Predecessor:} 15. Bd6 Qd4+ 16. Kh1 Bxe4 17. Rad1 Bxg2+ 18. Kxg2 Qg4+ 19. Kh1 Ned5 20. Qxb7 Ne3 21. Bxf8 Rxf8 22. Qxf7+ {1-0 (22) Gutierrez Delgado,Y (2304)-Alejandre Plasencia,R (2060) Santa Clara 2022}) 15... Nbc6 16. Be3 {[%emt 0:16:09][%cal Re4f5] A strong pair of Bishops.} b6 17. Qxb6 Qe6 18. Bxf5 (18. Rxf5 Nxf5 19. Bxf5 (19. Qxc6 Qxc6 20. Bxc6 Rac8 $14) 19... Qxf5 $16) 18... Nxf5 19. Rae1 (19. Rxf5 Qxf5 20. Qxc6 Qxc2 $16) 19... Rab8 20. Qc5 {[%emt 0:00:23] aiming for Bf4.} Nxe3 21. Rxe3 Qd7 22. Nd5 {[%emt 0:00:55][%cal Oc5c6] And now Qxc6! would win.} Rfc8 (22... Rfe8 $16) 23. Rg3 $1 Kh8 {[%emt 0:03:31] [#]} 24. Qc3 $2 f6 $14 {[%emt 0:00:42] [#]} 25. Rxf6 $1 {[%emt 0:06:05][%cal Of6d6] Strongly threatening Rd6!} Qa7+ (25... Qxd5 $2 {[#] gets mated.} 26. Rf8+ $3 Rxf8 27. Qxg7#) 26. Kh1 $2 (26. Rf2 $1 $14 {was forced to keep a grip.}) 26... Nd4 27. Rxa6 {Weighted Error Value: White=0.52/Black=0.33} 0-1

[Event "Summer Prague Open-A 2022"]
[Site "Prague"]
[Date "2022.08.09"]
[Round "6.5"]
[White "Karas, Marek"]
[Black "Lalic, Bogdan"]
[Result "1/2-1/2"]
[ECO "E12"]
[WhiteElo "2286"]
[BlackElo "2412"]
[Annotator "RC"]
[PlyCount "21"]
[EventDate "2022.08.05"]
[EventType "swiss"]
[EventCountry "CZE"]
[SourceTitle "playchess.com"]
[Source "ChessBase"]
[SourceQuality "1"]
[TimeControl "40/5400+30:1800+30"]

1. Nf3 Nf6 2. c4 b6 3. d4 e6 4. a3 Ba6 5. Qc2 Bb7 6. Nc3 c5 7. e4 cxd4 8. Nxd4 Nc6 9. Nxc6 Bxc6 10. Bf4 Bc5 11. Be2 1/2-1/2

[Event "Summer Prague Open-A 2022"]
[Site "Prague"]
[Date "2022.08.09"]
[Round "6.6"]
[White "Slampa, Jan"]
[Black "Lutsko, Artem"]
[Result "0-1"]
[ECO "B92"]
[WhiteElo "2254"]
[BlackElo "2392"]
[Annotator "RC"]
[PlyCount "70"]
[EventDate "2022.08.05"]
[EventType "swiss"]
[EventCountry "CZE"]
[SourceTitle "playchess.com"]
[Source "ChessBase"]
[SourceQuality "1"]
[TimeControl "40/5400+30:1800+30"]

1. e4 c5 2. Nf3 d6 3. d4 cxd4 4. Nxd4 Nf6 5. Nc3 a6 6. Be2 e5 7. Nb3 Be7 8. O-O O-O 9. a4 Be6 10. f4 exf4 11. Bxf4 Nc6 12. Kh1 d5 13. e5 Nd7 14. Bf3 Ndxe5 15. Nxd5 Bg5 16. Bxg5 Qxg5 17. Nc7 Bxb3 18. Nxa8 Bc4 19. Bxc6 Nxc6 20. Re1 Bd5 21. Qe2 Nd4 22. Qf2 Rxa8 23. Rad1 Ne6 24. Rf1 Rf8 25. h4 Qh5 26. b3 Bc6 27. Rde1 Qg4 28. Re5 f6 29. Re3 Nf4 30. Kg1 Qxg2+ 31. Qxg2 Nxg2 32. Rh3 Re8 33. Rf2 Re1+ 34. Kh2 Ne3 35. Kg3 Bd7 0-1

[Event "Summer Prague Open-A 2022"]
[Site "Prague"]
[Date "2022.08.09"]
[Round "6.7"]
[White "Kambrath, Yannick"]
[Black "Mannion, Stephen R"]
[Result "1/2-1/2"]
[ECO "A21"]
[WhiteElo "2401"]
[BlackElo "2232"]
[Annotator "TA"]
[PlyCount "141"]
[EventDate "2022.08.05"]
[EventType "swiss"]
[EventCountry "CZE"]
[SourceTitle "playchess.com"]
[Source "ChessBase"]
[SourceQuality "1"]
[TimeControl "40/5400+30:1800+30"]

1. c4 e5 2. Nc3 Bb4 3. Qc2 Nf6 4. Nf3 Qe7 5. e3 O-O 6. a3 {[%emt 0:04:39] A21: English Opening: 1...e5 2 Nc3.} Bxc3 7. Qxc3 {[%emt 0:00:08] [#]} Re8 $146 ({Predecessor:} 7... Nc6 8. b4 d5 9. cxd5 Nxd5 10. Qc5 Qxc5 11. bxc5 f6 12. Bb2 Be6 13. d4 e4 {½-½ (79) Drozdowski,K (2435)-Miton,K (2624) Poland 2013}) 8. Be2 a5 9. b3 Nc6 10. Bb2 d6 11. O-O Bg4 12. d3 d5 13. cxd5 Nxd5 14. Qc2 f6 15. Rac1 (15. h3 $5 Bd7 16. Nd2 $14) 15... Kh8 16. h3 Be6 17. Rfe1 Qf7 18. Nd2 Nde7 19. Bc3 Red8 20. Qb1 Bd5 21. Qb2 Qg6 {[%emt 0:00:29][%csl Gd5][%cal Rg6g2] [#]} 22. Bf1 Be6 23. Kh2 Bf5 24. e4 Be6 25. Nf3 (25. Ra1 {with more complications.} Qh6 26. b4 Nd4 27. Kg1) 25... Qf7 26. Rb1 Nc8 27. d4 exd4 28. Nxd4 Nxd4 29. Bxd4 Ne7 30. Bc3 Ng6 31. Qc2 b6 32. b4 axb4 33. axb4 Re8 34. Bd4 Rad8 35. Be3 f5 36. Bg5 Ra8 37. Bb5 Rf8 {[%emt 0:00:31] Strongly threatening ...f4.} 38. Be3 {[%emt 0:04:08] [#]} (38. Qc3 $11) 38... Ra2 (38... f4 $1 $17 39. Bd4 f3) 39. Rb2 (39. Qc3 {keeps more tension.} fxe4 40. Rbc1 Qf5 41. Bd4) 39... Rxb2 40. Qxb2 fxe4 41. Qd4 Bd5 42. Rc1 Kg8 (42... Qe6 $11 {should be considered.}) 43. Kg1 {[%emt 0:02:49][%mdl 1024] White has compensation.} (43. Qc3 $5 ) 43... h6 44. Ba4 Kh7 45. Qc3 Nf4 {[%emt 0:01:05] Threatens to win with ...Ne2+.} 46. Bb5 {[%emt 0:01:35] Inhibits Ne2+. A strong pair of Bishops.} c6 47. Bf1 b5 (47... Qg6 {looks sharper.} 48. Bxb6 e3 49. Qxe3 Bxg2 50. Qg3 Qxg3 51. fxg3 Bxf1 52. gxf4 Bxh3 53. Rxc6 Rxf4 54. Bc5 Bd7) 48. Qd2 Nd3 (48... Ng6 $1 $15) 49. Bxd3 $11 {[%emt 0:01:00] The position is equal.} exd3 50. Qxd3+ Qg6 51. Qxg6+ Kxg6 {[%emt 0:00:02][%mdl 4096] Endgame KRB-KRB} 52. Ra1 Rf7 53. f3 h5 54. Kf2 Kf5 55. Ra8 Kg6 56. Re8 Rd7 57. Rc8 Re7 58. Rd8 Rf7 59. Bc5 Rf4 60. Ke3 Rc4 61. Rd7 h4 62. Bf8 Bf7 63. Rd4 Rxd4 64. Kxd4 {[%emt 0:00:08] KB-KB} Kf6 65. Ke3 g5 66. Bc5 Kf5 67. Bf8 Bc4 68. Bc5 Bf1 69. Kf2 Bc4 70. Ke3 Bf1 71. Kf2 {[%emt 0:00:03] Weighted Error Value: White=0.12 (very precise) /Black=0.12 (very precise)} 1/2-1/2

[Event "Summer Prague Open-A 2022"]
[Site "Prague"]
[Date "2022.08.09"]
[Round "6.8"]
[White "Zamengo, Fulvio"]
[Black "Winter, Ondrej"]
[Result "1-0"]
[ECO "B12"]
[WhiteElo "2396"]
[BlackElo "2168"]
[Annotator "RC"]
[PlyCount "71"]
[EventDate "2022.08.05"]
[EventType "swiss"]
[EventCountry "CZE"]
[SourceTitle "playchess.com"]
[Source "ChessBase"]
[SourceQuality "1"]
[TimeControl "40/5400+30:1800+30"]

1. e4 c6 2. d4 d5 3. f3 dxe4 4. fxe4 e5 5. Nf3 exd4 6. Bc4 Nf6 7. O-O Be7 8. Ng5 O-O 9. Nxf7 Rxf7 10. Bxf7+ Kxf7 11. e5 Qd5 12. exf6 Bxf6 13. c4 dxc3 14. Qxd5+ cxd5 15. Nxc3 Be6 16. Bg5 Nd7 17. Rad1 Kg6 18. Bxf6 Nxf6 19. Rfe1 Kf7 20. Nb5 Rd8 21. Rc1 Ne4 22. Rc7+ Rd7 23. Rxd7+ Bxd7 24. Nc3 Nf6 25. Kf2 d4 26. Ne4 Ng4+ 27. Kg3 Ne3 28. Ng5+ Kf6 29. Nf3 Nf5+ 30. Kf2 Bc6 31. g4 Bxf3 32. Kxf3 Ne3 33. Rc1 Ke5 34. Rc7 Nd5 35. Rxg7 d3 36. Rxh7 1-0

[Event "Summer Prague Open-A 2022"]
[Site "Prague"]
[Date "2022.08.09"]
[Round "6.9"]
[White "Mirimanian, Hayk"]
[Black "Neuman, Petr"]
[Result "1/2-1/2"]
[ECO "B12"]
[WhiteElo "2228"]
[BlackElo "2378"]
[Annotator "TA"]
[PlyCount "86"]
[EventDate "2022.08.05"]
[EventType "swiss"]
[EventCountry "CZE"]
[SourceTitle "playchess.com"]
[Source "ChessBase"]
[SourceQuality "1"]
[TimeControl "40/5400+30:1800+30"]

1. e4 c6 2. d4 d5 3. f3 g6 4. Nc3 Bg7 5. Be3 Qb6 6. Qd2 Qxb2 7. Rb1 Qa3 8. exd5 {[%emt 0:00:14] B15: Caro-Kann: 3 Nc3: 3...g6 and 3...dxe4 4 Nxe4 Nf6 5 Nxf6+ exf6.} Nf6 9. Bc4 Nbd7 (9... O-O $5 ) 10. dxc6 bxc6 11. Nge2 Nb6 12. Bb3 Ba6 13. Bh6 Bxh6 (13... O-O $1 $15) 14. Qxh6 $11 c5 $2 {[%emt 0:00:19] [#]} (14... Bxe2 $11 15. Kxe2 Qa5) 15. dxc5 $2 (15. Ba4+ $1 $18 Nxa4 16. Rb3 Qxb3 17. axb3 Nxc3 18. Nxc3) 15... Qxc5 {[%emt 0:05:01] [#]} 16. Rd1 $146 ({Predecessor:} 16. Qg7 Rf8 17. Qh6 Bxe2 18. Nxe2 e6 19. Qh4 Ke7 20. c3 Rfd8 21. Qf2 Rac8 22. Qxc5+ Rxc5 {½-½ (70) Vallejo Pons,F (2300)-Garcia Palermo,C (2490) Santa Cruz de Tenerife 1995}) 16... Bxe2 17. Nxe2 e6 (17... a5 $5 18. a4 (18. Qg7 Rf8 $15) 18... Rb8 $11) 18. h4 Ke7 (18... a5 $5 19. Rd2 Nfd7 $11) 19. Qg5 (19. Bxe6 $5 Rad8 20. Bb3 $11) 19... Rac8 20. Qxc5+ Rxc5 21. Kf2 Rhc8 22. Rhe1 Nfd5 23. Nc1 Kf6 24. Rd4 a5 25. Nd3 R5c7 26. g4 h6 (26... a4 $15 27. Bxd5 Nxd5) 27. Nf4 Nxf4 (27... Rc5 {is more complex.} 28. Nd3 Rc3 29. Nf4 Nxf4 30. Rxf4+ Ke7) 28. Rxf4+ Ke7 29. Rfe4 Nd7 30. Ra4 Ra7 31. Rd4 Nc5 32. Re2 a4 33. Bc4 g5 34. hxg5 hxg5 35. Bb5 f6 36. f4 (36. Ke3 $11) 36... gxf4 37. Rxf4 a3 38. Kg3 {[%emt 0:00:57] The position is equal.} e5 39. g5 Rg8 40. Rg4 {And now gxf6+ would win.} Rxg5 41. Rxg5 fxg5 42. Rxe5+ Kd6 43. Re3 Kd5 {[%emt 0:01:20] Weighted Error Value: White=0.20 (precise) /Black=0.26 (precise)} 1/2-1/2

[Event "Summer Prague Open-A 2022"]
[Site "Prague"]
[Date "2022.08.09"]
[Round "6.10"]
[White "Roubalik, Jakub"]
[Black "Philipp, Mathias"]
[Result "1-0"]
[ECO "D29"]
[WhiteElo "2380"]
[BlackElo "2092"]
[Annotator "RC"]
[PlyCount "33"]
[EventDate "2022.08.05"]
[EventType "swiss"]
[EventCountry "CZE"]
[SourceTitle "playchess.com"]
[Source "ChessBase"]
[SourceQuality "1"]
[TimeControl "40/5400+30:1800+30"]

1. d4 d5 2. c4 dxc4 3. Nf3 e6 4. e3 c5 5. Bxc4 a6 6. O-O Nf6 7. Qe2 b5 8. Bb3 Bb7 9. Nc3 Nbd7 10. Rd1 Qc7 11. e4 cxd4 12. Nxd4 b4 13. Nd5 Qb8 14. Bf4 Bd6 15. Bxd6 Qxd6 16. Nxf6+ gxf6 17. Nxe6 1-0